 Dungeon Crawl Stone Soup version 0.25-a0-737-g26c3a87c45 (webtiles) character file.

Game seed: 1476807894896608369, levelgen mode: deterministic

1 BowlsofSteal the Caller (level 1, 0/13 HPs)
             Began as a Merfolk Summoner on Apr 12, 2020.
             Slain by a jackal (2 damage)
             ... on level 1 of the Dungeon.
             The game lasted 00:01:37 (104 turns).

BowlsofSteal the Caller (Merfolk Summoner)           Turns: 104, Time: 00:01:38

Health: 0/13       AC:  2    Str:  8    XL:     1   Next: 20%
Magic:  1/3        EV: 13    Int: 14    God:
Gold:   0          SH:  0    Dex: 14    Spells: 3/4 levels left

rFire    . . .     SeeInvis .   (no weapon)
rCold    . . .     Gourm    .   (no shield)
rNeg     . . .     Faith    .   a - +0 robe
rPois    .         Spirit   .   (no helmet)
rElec    .         Reflect  .   (no cloak)
rCorr    .         Harm     .   (no gloves)
MR       .....                  (no boots)
Stlth    ++........             (no amulet)
HPRegen  0.04/turn              (no ring)
MPRegen  0.08/turn              (no ring)

@: no status effects
A: change form in water, swift swim, stealthy swim
a: no special abilities


You were on level 1 of the Dungeon.
You were not hungry.

You visited 1 branch of the dungeon, and saw 1 of its levels.

Inventory:

Armour
 a - a +0 robe (worn)
Potions
 b - a potion of mutation {unknown}
Comestibles
 c - a ration


   Skills:
 + Level 2.6 Dodging
 + Level 2.1 Stealth
 + Level 2.0 Spellcasting
 + Level 4.0 Summonings


You had 3 spell levels left.
You knew the following spells:

 Your Spells              Type           Power        Failure   Level  Hunger
a - Summon Small Mammal   Summ           ##..         4%          1    ##.....

Your spell library contained the following spells:

 Spells                   Type           Power        Failure   Level  Hunger
 Call Imp                 Summ           ##......     7%          2    ###....
 Call Canine Familiar     Summ           ##......     14%         3    ####...
 Summon Guardian Golem    Hex/Summ       #.......     30%         3    ####...
 Summon Ice Beast         Ice/Summ       #.......     71%         4    #####..
 Summon Lightning Spire   Summ/Air       #.......     71%         4    #####..


Dungeon Overview and Level Annotations

Branches:
Dungeon (1/15)

Altars:


Message History

The kobold misses your rat.
Your rat bites the jackal.
The jackal bites your rat.
Your rat dies!
Your rat's corpse disappears in a puff of smoke!
The jackal bites you but does no damage.
Your rat bites the kobold.
The kobold hits your rat with a +0 club.
Your rat dies!
Your rat's corpse disappears in a puff of smoke!
The jackal closely misses you.
Found a scroll labeled BEMMOICRAJ and a scroll labeled HED PAHIWIER.
The jackal closely misses you.
Found 13 gold pieces.
The jackal misses you. The jackal closely misses you.
The jackal barely misses you.
A ball python comes into view.
The ball python hisses angrily.
The jackal closely misses you. The jackal barely misses you.
The jackal bites you.
You die...

# #?##.#
########..S.. . #.
#........##.# ##. ##.
#........##.# #..##..
#........##^# #.##..#
#....h....#.# #.#...#
#...@.h...#.###.#....
#.?.hh.K.....##....##
#........##.....§....
#$...............#...
########..##..#§...#.
#...###........
#...###.......##
.....#.........#
..........#...##


You could see 4 jackals, a ball python and a kobold.

Vanquished Creatures (collateral kills)
  A goblin (D:1)
  A kobold (D:1)
2 creatures vanquished.

Notes
Turn   | Place    | Note
-------+----------+-------------------------------------------
     0 | D:1      | BowlsofSteal the Merfolk Summoner began the quest for the
                  | Orb.
     0 | D:1      | Reached XP level 1. HP: 13/13 MP: 3/3
     2 | D:1      | Noticed a dwarf
     2 | D:1      | Noticed an elf
     4 | D:1      | Noticed an ogre
     4 | D:1      | Noticed a spriggan
     6 | D:1      | Noticed a naga
     8 | D:1      | Noticed a minotaur
     8 | D:1      | Noticed a demigod
    10 | D:1      | Noticed a demonspawn
    10 | D:1      | Noticed a vampire
    12 | D:1      | Noticed a felid
    12 | D:1      | Noticed a centaur
    14 | D:1      | Noticed a halfling
    16 | D:1      | Noticed a formicid
    16 | D:1      | Noticed an octopode
    18 | D:1      | Noticed a ghoul
    20 | D:1      | Noticed a merfolk
    20 | D:1      | Noticed a vine stalker
    22 | D:1      | Noticed a tengu
    22 | D:1      | Noticed a draconian
    24 | D:1      | Noticed a troll
    24 | D:1      | Noticed a gargoyle
    26 | D:1      | Noticed a human
   104 | D:1      | Slain by a jackal

Levels and vault maps discovered:
D:1:      kb_arrival_jail, layout_rooms, minmay_misc_feat_roman

Action                   || total
-------------------------++-------
Melee: Unarmed           ||     5
 Cast: Summon Small Mamm ||     7
Armor: Robe              ||     5
Dodge: Dodged            ||    33

Table legend:
 A = Non-vault XP
 B = Vault XP
 C = Vault XP percentage of total XP
 D = Non-vault monster count
 E = Vault monster count
 F = Vault count percentage of total count
                 A         B        C        D         E       F
            +---------+---------+-------+---------+---------+-------
      Total |       2 |       0 |   0.0 |       2 |       0 |   0.0
            +---------+---------+-------+---------+---------+-------
        D:1 |       2 |       0 |   0.0 |       2 |       0 |   0.0
            +---------+---------+-------+---------+---------+-------
